[ AOE2 MATCH · #507289380 ]
UnrankedMalay vs Bulgarians
Player's team · LOSS
[ REPLAY ANALYSIS · EXTRACTED FROM THE RECORDED GAME ]
Feudal
8:06
Castle
22:42
Imperial
—
| APM avg | 38.9 |
| APM peak | 60 |
| eAPM avg | 19.4 |
| Villagers / military | 64 / 39 |
Focus
⚔️ 36.3% · 🌾 63.7%
Battle Elephant ×26 · Skirmisher ×4 · Battering Ram ×4 · Militia ×3 · Archer ×2
Feudal
9:49
Castle
22:34
Imperial
—
| APM avg | 41.5 |
| APM peak | 80 |
| eAPM avg | 22.0 |
| Villagers / military | 61 / 56 |
Focus
⚔️ 30.6% · 🌾 69.4%
Spearman ×27 · Militia ×16 · Konnik ×6 · Battering Ram ×5 · Monk ×1 · Mangonel ×1
Match map
Initial resources + every placement click. Lines = walls · curves = elevation contours. ◆ gold · ⬟ stone · ● berries · ✦ relic · ◌ wall gap
Your base· Open — unwalled flank
[GDL] Faraon's base· Open — 5t gap
Smoothed initial terrain · ◌ = detected wall gap · hover for details
Inputs per minute
— 1920343014 - - [GDL] Faraon
Build order — 1920343014
First 150 of 208 actions detected
| 0:01 | Queue | Villager (Male) |
| 0:01 | Queue | Villager (Male) |
| 0:01 | Queue | Villager (Male) |
| 0:02 | Build | House |
| 0:03 | Queue | Villager (Male) |
| 0:05 | Build | House |
| 1:32 | Queue | Villager (Male) |
| 2:09 | Queue | Villager (Male) |
| 2:22 | Queue | Villager (Male) |
| 2:45 | Queue | Villager (Male) |
| 3:02 | Build | House |
| 3:20 | Queue | Villager (Male) |
| 3:21 | Queue | Villager (Male) |
| 4:07 | Queue | Villager (Male) |
| 4:08 | Queue | Villager (Male) |
| 4:10 | Queue | Villager (Male) |
| 4:19 | Build | Lumber Camp |
| 4:47 | Queue | Villager (Male) |
| 5:39 | Queue | Villager (Male) |
| 5:46 | Build | Mill |
| 5:52 | Build | Mill |
| 6:12 | Research | Loom |
| 6:48 | Research | Feudal Age |
| 7:45 | Build | Barracks |
| 7:46 | Queue | Villager (Male) |
| 8:06 | Age | Feudal Age |
| 8:13 | Queue | Villager (Male) |
| 8:32 | Queue | Villager (Male) |
| 8:34 | Build | House |
| 8:48 | Queue | Villager (Male) |
| 8:50 | Research | Wheelbarrow |
| 8:59 | Queue | Militia |
| 8:59 | Queue | Militia |
| 9:01 | Build | Mining Camp |
| 9:31 | Queue | Militia |
| 9:43 | Build | Mill |
| 10:23 | Build | Stone Wall |
| 10:25 | Build | Stone Wall |
| 11:01 | Build | Farm |
| 11:02 | Build | Farm |
| 11:05 | Build | Farm |
| 11:06 | Build | Farm |
| 11:07 | Queue | Villager (Male) |
| 11:14 | Queue | Villager (Male) |
| 11:20 | Build | Archery Range |
| 11:30 | Build | Palisade Wall |
| 11:31 | Build | Palisade Wall |
| 11:33 | Build | Palisade Wall |
| 11:33 | Build | Palisade Wall |
| 11:42 | Build | Palisade Wall |
| 11:43 | Build | Palisade Wall |
| 11:43 | Build | Palisade Wall |
| 11:45 | Build | Palisade Wall |
| 11:46 | Build | Palisade Wall |
| 11:55 | Queue | Villager (Male) |
| 12:12 | Queue | Archer |
| 12:13 | Queue | Archer |
| 12:16 | Build | House |
| 12:21 | Build | Watch Tower |
| 12:28 | Queue | Villager (Male) |
| 13:02 | Queue | Villager (Male) |
| 13:08 | Build | Farm |
| 13:09 | Build | Farm |
| 13:10 | Build | Farm |
| 13:11 | Build | Farm |
| 13:18 | Queue | Skirmisher |
| 13:19 | Queue | Skirmisher |
| 13:29 | Queue | Skirmisher |
| 14:05 | Build | Stone Wall |
| 14:07 | Build | Stone Wall |
| 14:10 | Build | Stone Wall |
| 14:26 | Queue | Villager (Male) |
| 14:29 | Queue | Villager (Male) |
| 14:40 | Build | Farm |
| 14:44 | Queue | Villager (Male) |
| 14:46 | Build | Blacksmith |
| 14:48 | Build | House |
| 15:00 | Build | Farm |
| 15:04 | Queue | Villager (Male) |
| 15:44 | Build | Lumber Camp |
| 15:46 | Queue | Villager (Male) |
| 15:53 | Queue | Villager (Male) |
| 16:29 | Research | Double-Bit Axe |
| 16:48 | Queue | Villager (Male) |
| 17:04 | Queue | Villager (Male) |
| 17:11 | Build | House |
| 17:12 | Build | House |
| 17:13 | Build | House |
| 17:20 | Build | Lumber Camp |
| 17:31 | Queue | Villager (Male) |
| 17:36 | Queue | Villager (Male) |
| 17:40 | Queue | Villager (Male) |
| 17:46 | Build | Mining Camp |
| 17:52 | Build | Mining Camp |
| 17:55 | Queue | Skirmisher |
| 17:57 | Queue | Villager (Male) |
| 17:59 | Queue | Villager (Male) |
| 18:04 | Build | House |
| 18:06 | Build | House |
| 18:13 | Build | Palisade Wall |
| 18:20 | Queue | Villager (Male) |
| 18:31 | Build | Mining Camp |
| 18:34 | Build | Stone Wall |
| 18:36 | Build | Stone Wall |
| 18:38 | Queue | Villager (Male) |
| 18:44 | Build | Mining Camp |
| 19:01 | Build | Farm |
| 19:01 | Build | Farm |
| 19:02 | Build | Farm |
| 19:02 | Build | Farm |
| 19:07 | Queue | Villager (Male) |
| 19:20 | Build | Mill |
| 19:36 | Queue | Villager (Male) |
| 19:58 | Build | Market |
| 20:01 | Queue | Villager (Male) |
| 20:04 | Build | Stone Wall |
| 20:13 | Build | Farm |
| 20:22 | Build | Stone Wall |
| 20:23 | Build | Stone Wall |
| 20:24 | Build | Stone Wall |
| 20:25 | Build | Stone Wall |
| 20:28 | Build | Stone Wall |
| 20:50 | Research | Castle Age |
| 20:54 | Build | Farm |
| 21:14 | Build | Farm |
| 21:14 | Build | Farm |
| 21:15 | Build | Farm |
| 21:20 | Build | Palisade Wall |
| 21:23 | Build | Palisade Wall |
| 21:25 | Queue | Villager (Male) |
| 22:02 | Build | Stable |
| 22:04 | Research | Scale Barding Armor |
| 22:29 | Build | Stable |
| 22:38 | Queue | Villager (Male) |
| 22:42 | Age | Castle Age |
| 22:44 | Queue | Battle Elephant |
| 22:44 | Queue | Battle Elephant |
| 22:45 | Queue | Battle Elephant |
| 22:52 | Build | Farm |
| 22:55 | Build | Farm |
| 23:00 | Build | Farm |
| 23:06 | Research | Husbandry |
| 23:12 | Build | House |
| 23:13 | Build | House |
| 23:13 | Build | House |
| 23:21 | Research | Town Watch |
| 23:28 | Build | Farm |
| 23:30 | Queue | Battle Elephant |
| 23:36 | Queue | Villager (Male) |
| 23:38 | Queue | Battle Elephant |
Build order — [GDL] Faraon
First 150 of 206 actions detected
| 0:00 | Queue | Villager (Male) |
| 0:01 | Queue | Villager (Male) |
| 0:01 | Queue | Villager (Male) |
| 0:01 | Queue | Villager (Male) |
| 0:02 | Queue | Villager (Male) |
| 0:03 | Build | House |
| 0:05 | Build | House |
| 1:28 | Queue | Villager (Male) |
| 1:31 | Build | House |
| 2:05 | Queue | Villager (Male) |
| 2:06 | Queue | Villager (Male) |
| 2:12 | Build | Lumber Camp |
| 2:15 | Build | House |
| 2:16 | Build | House |
| 2:26 | Queue | Villager (Male) |
| 2:26 | Queue | Villager (Male) |
| 2:54 | Queue | Villager (Male) |
| 2:55 | Queue | Villager (Male) |
| 3:17 | Queue | Villager (Male) |
| 3:17 | Queue | Villager (Male) |
| 3:47 | Queue | Villager (Male) |
| 3:47 | Queue | Villager (Male) |
| 4:07 | Queue | Villager (Male) |
| 4:25 | Queue | Villager (Male) |
| 4:25 | Queue | Villager (Male) |
| 4:25 | Queue | Villager (Male) |
| 5:20 | Queue | Villager (Male) |
| 5:32 | Queue | Villager (Male) |
| 6:15 | Research | Loom |
| 6:26 | Build | Barracks |
| 6:47 | Queue | Villager (Male) |
| 7:14 | Queue | Villager (Male) |
| 7:27 | Research | Feudal Age |
| 7:27 | Research | Feudal Age |
| 7:30 | Queue | Militia |
| 7:53 | Queue | Militia |
| 7:53 | Queue | Militia |
| 8:00 | Queue | Villager (Male) |
| 8:03 | Build | House |
| 8:19 | Queue | Villager (Male) |
| 8:45 | Queue | Militia |
| 8:49 | Build | Mill |
| 8:57 | Queue | Militia |
| 9:07 | Build | Mining Camp |
| 9:15 | Build | Mill |
| 9:49 | Age | Feudal Age |
| 10:03 | Build | Watch Tower |
| 10:26 | Queue | Militia |
| 10:26 | Queue | Militia |
| 10:41 | Build | Watch Tower |
| 11:01 | Queue | Villager (Male) |
| 11:01 | Queue | Villager (Male) |
| 11:07 | Build | Farm |
| 11:08 | Build | Farm |
| 11:25 | Research | Arson |
| 11:40 | Build | House |
| 11:41 | Build | House |
| 11:56 | Build | Watch Tower |
| 12:01 | Queue | Militia |
| 12:03 | Queue | Villager (Male) |
| 12:03 | Queue | Villager (Male) |
| 12:12 | Build | Farm |
| 12:15 | Queue | Villager (Male) |
| 12:15 | Queue | Villager (Male) |
| 12:41 | Research | Double-Bit Axe |
| 12:58 | Queue | Villager (Male) |
| 12:59 | Queue | Villager (Male) |
| 13:19 | Build | Watch Tower |
| 13:26 | Queue | Villager (Male) |
| 13:47 | Queue | Villager (Male) |
| 14:17 | Queue | Villager (Male) |
| 14:19 | Build | Blacksmith |
| 14:40 | Queue | Villager (Male) |
| 14:43 | Build | Farm |
| 14:43 | Build | Farm |
| 14:50 | Queue | Villager (Male) |
| 15:08 | Research | Fletching |
| 15:11 | Build | Farm |
| 15:12 | Queue | Villager (Male) |
| 15:17 | Build | Farm |
| 15:23 | Build | Farm |
| 15:35 | Build | House |
| 15:36 | Build | House |
| 15:58 | Build | Mining Camp |
| 16:12 | Queue | Villager (Male) |
| 16:43 | Build | House |
| 16:44 | Build | House |
| 16:47 | Queue | Villager (Male) |
| 16:48 | Queue | Villager (Male) |
| 16:51 | Build | Mining Camp |
| 17:16 | Build | Farm |
| 17:23 | Research | Horse Collar |
| 17:23 | Research | Horse Collar |
| 17:37 | Queue | Villager (Male) |
| 17:47 | Build | Farm |
| 17:50 | Queue | Villager (Male) |
| 18:11 | Queue | Villager (Male) |
| 18:13 | Build | Farm |
| 18:44 | Build | Farm |
| 19:02 | Build | Market |
| 19:04 | Queue | Villager (Male) |
| 19:05 | Queue | Villager (Male) |
| 19:49 | Build | Farm |
| 19:50 | Research | Castle Age |
| 19:50 | Research | Castle Age |
| 19:54 | Build | Farm |
| 19:57 | Queue | Militia |
| 19:58 | Queue | Militia |
| 20:07 | Build | House |
| 20:11 | Build | Palisade Wall |
| 20:13 | Build | Palisade Wall |
| 20:18 | Build | House |
| 20:19 | Build | Palisade Wall |
| 20:28 | Queue | Militia |
| 20:28 | Queue | Militia |
| 20:44 | Research | Scale Mail Armor |
| 21:06 | Research | Forging |
| 21:09 | Build | House |
| 21:13 | Build | Farm |
| 21:13 | Build | Farm |
| 21:14 | Build | Farm |
| 21:14 | Build | Farm |
| 21:14 | Build | Farm |
| 21:19 | Build | House |
| 21:21 | Build | Palisade Wall |
| 21:28 | Research | Gold Mining |
| 21:28 | Research | Stone Mining |
| 21:43 | Queue | Villager (Male) |
| 21:43 | Queue | Villager (Male) |
| 21:58 | Queue | Militia |
| 21:58 | Queue | Militia |
| 22:28 | Research | Wheelbarrow |
| 22:34 | Research | Stone Mining |
| 22:34 | Age | Castle Age |
| 22:43 | Build | Siege Workshop |
| 22:48 | Research | Chain Mail Armor |
| 22:58 | Queue | Villager (Male) |
| 23:10 | Build | Krepost |
| 23:15 | Research | Iron Casting |
| 23:18 | Queue | Battering Ram |
| 23:19 | Queue | Battering Ram |
| 23:32 | Research | Squires |
| 23:53 | Build | Monastery |
| 24:11 | Queue | Militia |
| 24:12 | Queue | Militia |
| 24:41 | Build | Palisade Wall |
| 24:45 | Build | Palisade Wall |
| 24:50 | Research | Pikeman (upgrade) |
| 24:51 | Queue | Spearman |
| 24:51 | Queue | Spearman |
Match timeline
| 6:26 | [GDL] Faraon · first_building Barracks |
| 7:45 | 1920343014 · first_building Barracks |
| 8:06 | 1920343014 · age_up feudal |
| 9:49 | [GDL] Faraon · age_up feudal |
| 10:23 | 1920343014 · wall_segment Stone Wall x1 |
| 10:25 | 1920343014 · wall_segment Stone Wall x1 |
| 11:20 | 1920343014 · first_building Archery Range |
| 11:30 | 1920343014 · wall_segment Palisade Wall x1 |
| 11:31 | 1920343014 · wall_segment Palisade Wall x1 |
| 11:33 | 1920343014 · wall_segment Palisade Wall x1 |
| 11:33 | 1920343014 · wall_segment Palisade Wall x1 |
| 11:42 | 1920343014 · wall_segment Palisade Wall x1 |
| 11:43 | 1920343014 · wall_segment Palisade Wall x1 |
| 11:43 | 1920343014 · wall_segment Palisade Wall x1 |
| 11:45 | 1920343014 · wall_segment Palisade Wall x1 |
| 11:46 | 1920343014 · wall_segment Palisade Wall x1 |
| 14:05 | 1920343014 · wall_segment Stone Wall x1 |
| 14:07 | 1920343014 · wall_segment Stone Wall x1 |
| 14:10 | 1920343014 · wall_segment Stone Wall x1 |
| 18:13 | 1920343014 · wall_segment Palisade Wall x3 |
| 18:34 | 1920343014 · wall_segment Stone Wall x1 |
| 18:36 | 1920343014 · wall_segment Stone Wall x1 |
| 20:04 | 1920343014 · wall_segment Stone Wall x1 |
| 20:11 | [GDL] Faraon · wall_segment Palisade Wall x7 |
| 20:13 | [GDL] Faraon · wall_segment Palisade Wall x3 |
| 20:19 | [GDL] Faraon · wall_segment Palisade Wall x4 |
| 20:22 | 1920343014 · wall_segment Stone Wall x1 |
| 20:23 | 1920343014 · wall_segment Stone Wall x1 |
| 20:24 | 1920343014 · wall_segment Stone Wall x1 |
| 20:25 | 1920343014 · wall_segment Stone Wall x1 |
| 20:28 | 1920343014 · wall_segment Stone Wall x1 |
| 20:43 | 1920343014 · first_market_sell 100 wood |
| 21:20 | 1920343014 · wall_segment Palisade Wall x4 |
| 21:21 | [GDL] Faraon · wall_segment Palisade Wall x5 |
| 21:23 | 1920343014 · wall_segment Palisade Wall x13 |
| 22:02 | 1920343014 · first_building Stable |
| 22:34 | [GDL] Faraon · age_up castle |
| 22:42 | 1920343014 · age_up castle |
| 22:43 | [GDL] Faraon · first_building Siege Workshop |
| 23:10 | [GDL] Faraon · first_building Krepost |
| 23:53 | [GDL] Faraon · first_building Monastery |
| 24:41 | [GDL] Faraon · wall_segment Palisade Wall x1 |
| 24:45 | [GDL] Faraon · wall_segment Palisade Wall x1 |
| 25:06 | 1920343014 · first_building Siege Workshop |
| 29:14 | [GDL] Faraon · first_market_sell 100 wood |
| 31:18 | 1920343014 · resign |
[ AI ANALYSIS · 1 CREDIT ]
What really happened in this match?
Wolo.gg analyzes every decision: build order, eco, micro, common mistakes by bracket. Personalized analysis on WhatsApp or Discord in 30 seconds.
Civ guide
Malay
Perfil
Jugador #1458739